 Dungeon Crawl Stone Soup version 0.31-a0-1001-g770356a28f (webtiles) character file.

Game seed: 13043101965049780170

7 Maratek the Trooper (level 1, 0/19 HPs)
             Began as a Draconian Fighter on Nov 8, 2023.
             Succumbed to an adder's poison
             ... on level 2 of the Dungeon.
             The game lasted 00:00:17 (201 turns).

Maratek the Trooper (Draconian Fighter)              Turns: 201, Time: 00:00:17

Health: 0/19       AC:  4    Str: 18    XL:     1   Next: 83%
Magic:  1/1        EV: 12    Int:  8    God:
Gold:   30         SH:  4    Dex: 10    Spells: 0/0 levels left

rFire   . . .        a - +0 trident
rCold   . . .        b - +0 buckler
rNeg    . . .        (body armour unavailable)
rPois   .            (helmet restricted)
rElec   .            (no cloak)
rCorr   .            (no gloves)
SInv    .            (no boots)
Will    .....        (no amulet)
Stlth   +            (no ring)
HPRegen 0.23/turn    (no ring)
MPRegen 0.07/turn

%: no passive effects
@: lethally poisoned (0 -> -4), slowed, very slow
A: AC +4, unfitting armour, cold-blooded
a: no special abilities


You were on level 2 of the Dungeon.
You visited 1 branch of the dungeon, and saw 2 of its levels.

You collected 30 gold pieces.

Inventory:

Hand Weapons
 a - a +0 trident (weapon)
Armour
 b - a +0 buckler (worn)
Scrolls
 d - a scroll of torment {unknown}
Potions
 c - a potion of might
 e - a potion of mutation {unknown}


   Skills:
 + Level 3.5 Fighting
 + Level 2.0 Polearms
 + Level 2.9 Dodging
 + Level 3.0 Shields


You couldn't memorise any spells.
You didn't know any spells.
Your spell library was empty.

Dungeon Overview and Level Annotations

Branches:
Dungeon (1/15)

Altars:


Innate Abilities, Weirdness & Mutations

Your plain brown scales are hard. (AC +4)
You cannot fit into any form of body armour.
You are cold-blooded and may be slowed by cold attacks.


Message History

You puncture the adder!
The adder is severely wounded.
The adder bites you. The endoplasm hits you.
The adder bites you but does no damage.
There are monsters nearby!
There are monsters nearby!
There are monsters nearby!
You miss the adder.
The adder is severely wounded.
The adder barely misses you. The endoplasm misses you.
You block the adder's attack.
You miss the adder.
The adder is severely wounded.
The endoplasm misses you. The adder barely misses you.
The endoplasm barely misses you.
You closely miss the adder.
The adder is severely wounded.
You block the adder's attack. The endoplasm closely misses you.
The adder bites you but does no damage.
You closely miss the adder.
The adder is severely wounded.
The adder closely misses you.
The endoplasm hits you but does no damage.
You miss the adder.
Your tail-slap misses the adder.
The adder is severely wounded.
The adder closely misses you. The endoplasm freezes you.
You are frozen.
You feel yourself slow down. The adder bites you.
* * * LOW HITPOINT WARNING * * *
You are lethally poisoned!
The adder poisons you!
You closely miss the adder.
The adder is severely wounded.
* * * LOW HITPOINT WARNING * * *
You feel very sick. The adder bites you but does no damage.
You block the endoplasm's attack. You block the adder's attack.
The endoplasm completely misses you.
You miss the adder.
The adder is severely wounded.
You die...

#.........# #.........#
.. #.........# ...
##.........# #...
#..........#####...
#.####...........#
#...........# .#
........#.#.#...JS#..#..
.###.##...#.....@.....!#
# #..##.........####
#.##.........##
.....##......# ##.##.
#..?...# ...##. ##.##..#
. #. #.# ### #.#


You could see an adder and an endoplasm.

Vanquished Creatures
  A dart slug (D:2)
  A giant cockroach (D:1)
  2 ball pythons (D:1)
  A bat (D:1)
5 creatures vanquished.

Notes
Turn   | Place    | Note
-------+----------+-------------------------------------------
     0 | D:1      | Maratek the Draconian Fighter began the quest for the Orb.
     0 | D:1      | Reached XP level 1. HP: 19/19 MP: 1/1
   170 | D:1      | You fall into a shaft and drop 1 floor!
   201 | D:2      | Succumbed to an adder's poison

Illustrated notes

Levels and vault maps discovered:
D:1:      dpeg_arrival_castle, layout_basic, hellmonk_ecumenical_altar_zigzags,
          nrook_uturn
D:2:      layout_rooms, basic_altar, hangedman_feature_mirror

Action                     || total
---------------------------++-------
  Melee: Trident           ||    31
         Tailslap          ||     1
 Armour: Skin              ||    21
  Dodge: Dodged            ||    22
  Block: Buckler           ||    10

Table legend: (Time is in decaauts)
 A = Elapsed time spent in this place.
 B = Non-inter-level travel time spent in this place.
 C = Inter-level travel time spent in this place.
 D = Time resting spent in this place.
 E = Time spent auto-exploring this place.
 F = Levels seen in this place.
 G = Mean time per level.
                   A        B        C        D        E       F      G
               +--------+--------+--------+--------+--------+-----+--------+
         Total |    211 |    211 |      0 |      0 |    155 |   2 |  105.5 |
       Dungeon |    211 |    211 |      0 |      0 |    155 |   2 |  105.5 |
               +--------+--------+--------+--------+--------+-----+--------+

Top non-repeatable levels by time:
     D:1: 175 daAuts
     D:2: 35 daAuts
